[Event "*** SCC Grand Prix: Titled Tuesday Blitz"]
[Site "Chess.com"]
[Date "2020.07.07"]
[Round "7"]
[White "Ave_Mariia"]
[Black "K-Nygren"]
[Result "1-0"]
[WhiteElo "2364"]
[BlackElo "2457"]
[TimeControl "180+1"]
[EndTime "11:21:30 PDT"]
[Termination "Ave_Mariia won on time"]

1. c4 Nf6 2. Nc3 e5 3. g3 b5 4. Bg2 c6 5. cxb5 d5 6. d4 e4 7.
bxc6 Nxc6 8. Bg5 Bb4 9. Rc1 Qa5 10. a3 Be7 11. Nh3 O-O 12. O-O Be6 13. Nf4 Rad8 14. f3 Nxd4 15. b4 Qb6 16. Na4 Qa6 17. Qxd4 Qxa4 18.
Nxe6 fxe6 19. Rc7 Bd6 20. Rxa7 Qc2 21. Bxf6 Rxf6 22. fxe4 Rdf8 23. Rxf6 gxf6 24. Bf3 Be5 25. Qb6 Qc1+ 26. Kg2 Qc8 27. Qb7 Qxb7 28. Rxb7 d4 29.
a4 Ra8 30. a5 Kf8 31. Bg4 f5 32. exf5 exf5 33. Bxf5 h5 34. Rh7 Rb8 35. Rxh5 Rxb4 36. Be6 Bf6 37. Rf5 Ke7 38. Bd5 Rb5 39. Be4 Rb2 40. Kf3 Rb3+ 41. Kg4 Re3 42. Bf3 Ra3 43. Rb5 Ra4 44. Rb7+ Kd6 45. Rb6+ Ke5 46. Rb5+ Kd6 47.
Kf5 Bd8 48. g4 Ke7 49. Re5+ Kf7 50. h4 Bc7 51. Rc5 Bd6 52. Rb5 d3 53. exd3 Rf4+ 54. Kg5 Rd4 55. Rf5+ Ke7 56. h5 Rxd3 57. Be4 Rh3 58. Bd5 Bb4 59. Rf7+ Kd6 60. Bc4 Bc3 61. Kg6 Rg3 62. g5 Rg4 63. Bb3 Bd2 64. Rf5 Bc3 65. h6 Rg3 66. h7 Bh8 67. Bf7 Ke7 68. Bd5 Rh3 69. Rf7+ Kd6 70. Rf8 Be5 71. Bf7 Rh4 72. a6 Ke7 73. Re8+ Kd6 74. a7 Ra4 75. a8=Q Rxa8 76.
Rxa8 Ke7 77. h8=Q Bg7 78. Qg8 1-0

[Event "*** SCC Grand Prix: Titled Tuesday Blitz"]
[Site "Chess.com"]
[Date "2020.07.07"]
[Round "7"]
[White "Margarita2907"]
[Black "Ole83"]
[Result "1-0"]
[WhiteElo "2097"]
[BlackElo "2268"]
[TimeControl "180+1"]
[EndTime "11:21:33 PDT"]
[Termination "Margarita2907 won on time"]

1. e4 d6 2. d4 Nf6 3. Nc3 g6 4.
Nf3 Bg7 5. Bd3 O-O 6. O-O Bg4 7.
h3 Bxf3 8. Qxf3 Nc6 9. Ne2 e5 10.
c3 Qe7 11. d5 Nb8 12. Qe3 Nbd7 13. f4 exf4 14. Nxf4 Ne5 15. Bc2 a5 16. a4 Rfe8 17. Re1 Ra6 18. b3 Nfd7 19. Bb2 Nc5 20. Qe2 Rb6 21.
Qd1 Qh4 22. Rf1 Bh6 23. Bc1 Bg7 24. Rb1 Ned7 25. Qf3 Ne5 26. Qe3 Bh6 27. b4 axb4 28. cxb4 Na6 29. b5 Nc5 30. a5 Nc4 31.
Qe1 Qxe1 32. Rxe1 Nxa5 33. Kf2 Nc4 34. Kf3 Bg7 35. Nd3 Nxd3 36. Bxd3 Ne5+ 37. Ke3 Nxd3 38. Kxd3 Ra8 39. Be3 Ra3+ 40. Ke2 Ra2+ 41. Kf3 Ra3 42. Kf2 Rxe3 43. Kxe3 Bc3 44. Rec1 Be5 45. Rxc7 h5 46.
Rc8+ Kg7 47. Kd3 h4 48. Kc4 Kh6 49. Rc7 f6 50. Rf1 Kg5 51. Rf2 Kh5 52. Ra2 Kg5 53. Ra8 Kf4 54. Rg8 Kxe4 55. Rxg6 Ke3 56. Rh6 Kf2 57.
Rg6 Bg3 58. Rxf6+ Kxg2 59. Rg6 Kxh3 60. Rh7 Kg2 61. Rxh4 Kf3 62. Rhh6 Be5 63. Re6 Kf4 64. Rh3 Kf5 65. Rh7 Ke4 66. Rhe7 Kf5 67. Re8 Kf4 68.
Rd8 Kf5 69. Re7 Ke4 70. Rdd7 Kf5 71. Rxb7 Rxb7 72. Rxb7 Ke4 73. Rd7 Kf5 74. b6 1-0

[Event "*** SCC Grand Prix: Titled Tuesday Blitz"]
[Site "Chess.com"]
[Date "2020.07.07"]
[Round "7"]
[White "ChronicUnhappiness"]
[Black "deribas12345"]
[Result "1/2-1/2"]
[WhiteElo "2424"]
[BlackElo "2583"]
[TimeControl "180+1"]
[EndTime "11:21:48 PDT"]
[Termination "Game drawn by agreement"]

1. c4 c5 2. Nf3 Nc6 3. Nc3 g6 4. e3 Bg7 5. d4 Nf6 6. d5 Na5 7. e4 O-O 8. Be2 d6 9. O-O a6 10. h3 Rb8 11. a3 b5 12. cxb5 axb5 13. b4 Nc4 14. Bxc4 bxc4 15. bxc5 Nxe4 16. Nxe4 Bxa1 17.
cxd6 Bg7 18. Bg5 f6 19. Bf4 Ra8 20. Nd4 Bd7 21. Nc6 Bxc6 22. dxc6 exd6 23. Qd5+ Kh8 24.
Nxd6 Qe7 25. Qxc4 g5 26. Bh2 Ra7 27. Nf5 Qf7 28. Qxf7 Rfxf7 29. c7 Rfxc7 30. Bxc7 Rxc7 31. a4 Bf8 32. Ra1 Ra7 33. g4 Bc5 34. Rc1 Ra5 35. Rc4 h5 36. Kg2 h4 37. Kf3 Kg8 38. Ke2 Kf7 39.
f3 Ke6 40. Kd3 Kd5 41. Nd4 Bd6 42. Nb3 Ra8 43. a5 Bg3 44. Rc5+ Kd6 45. Rb5 Bf2 46. Nd4 Rc8 47. Nf5+ Kc6 48. Kc4 Rd8 49. Ne7+ Kd6 50. Nf5+ Ke6 51. Kb3 Rd3+ 52. Kc4 Rxf3 53. a6 Ra3 54.
Nd4+ Bxd4 55. Kxd4 Rxa6 56. Rb3 Ra4+ 57. Ke3 f5 58.
gxf5+ Kxf5 59. Kf3 Rf4+ 60. Kg2 Rc4 61. Rb2 Kf4 62.
Rf2+ Ke3 63. Ra2 Rd4 64. Ra5 Kf4 65. Ra2 Rd3 66. Rf2+ Ke5 67. Re2+ Kf5 68. Rf2+ Kg6 69. Re2 Rg3+ 70. Kh2 Kf5 71. Rf2+ Ke4 72. Re2+ Kf3 73. Ra2 Kf4 74. Rf2+ Rf3 75. Rg2 Re3 76. Rg4+ Kf5 77. Rg2 Kf4 78. Rf2+ Ke4 79. Rg2 Kf5 80. Rf2+ Kg6 81.
Rg2 Kh5 82. Rf2 Re5 83. Rg2 Re4 84. Rf2 g4 85. hxg4+ Kxg4 86. Rg2+ Kh5 87. Rc2 Re3 88.
Rb2 Kg4 89. Ra2 h3 90. Rb2 Kf4 91. Ra2 Rc3 92. Rf2+ Ke3 93. Ra2 Kf3 94. Rb2 Rc1 95.
Rb3+ Kf2 96. Rb2+ Kf1 97. Kxh3 Rc3+ 98. Kg4 Rc4+ 1/2-1/2

[Event "*** SCC Grand Prix: Titled Tuesday Blitz"]
[Site "Chess.com"]
[Date "2020.07.07"]
[Round "7"]
[White "carlesdc96"]
[Black "Salem-AR"]
[Result "1/2-1/2"]
[WhiteElo "2715"]
[BlackElo "2917"]
[TimeControl "180+1"]
[EndTime "11:21:52 PDT"]
[Termination "Game drawn - insufficient material"]

1. e4 c5 2. Nf3 Nc6 3. d4 cxd4 4. Nxd4 Nf6 5. Nc3 e5 6. Ndb5 d6 7. Bg5 a6 8. Na3 b5 9. Nd5 Be7 10. Bxf6 Bxf6 11. c4 b4 12. Nc2 O-O 13. g3 a5 14.
Bg2 g6 15. O-O Bg7 16. Qd3 Be6 17. Rad1 Qb8 18. Kh1 Ra7 19. b3 Kh8 20. f4 f5 21.
exf5 gxf5 22. Nde3 e4 23. Qxd6 Qc8 24. Qd2 Rd7 25. Qe2 Rfd8 26. Rxd7 Rxd7 27. Rd1 Qd8 28. Rxd7 Qxd7 29. Bh3 Ne7 30. Qd1 Qd3 31. Bf1 Qxd1 32. Nxd1 Kg8 33. Nde3 Kf7 34. Bh3 Bb2 35. Kg2 Kf6 36. Kf2 Nc6 37. g4 fxg4 38. Nxg4+ Ke7 39. Nce3 Bd4 40. Kg3 a4 41. f5 Bf7 42. Kf4 a3 43. Kxe4 Bc3 44. Nd5+ Kd6 45. Nge3 Kc5 46. f6 Na5 47.
Nxc3 bxc3 48. Kd3 Nxb3 49. Kxc3 Nc1 50. Bf5 Nxa2+ 51. Kb3 Nc1+ 52. Kxa3 h6 53. Kb2 Ne2 54. Bg4 Nf4 55. Kc3 Ng6 56. Bh5 Kd6 57. Bxg6 Bxg6 58. Kd4 Ke6 59. Ng4 Kf5 60. Nxh6+ Kxf6 61. Ng4+ Kf5 62.
Ne3+ Kf4 63. c5 Be8 64. Nc4 Kg4 65. Nd6 Bc6 66. Nf7 Kh3 67. Ne5 Bb7 68. Kc4 Kxh2 69.
Kb5 Kg3 70. Kb6 Bd5 71. Kc7 Kf4 72. Kd6 Ke4 73. Nd7 Kd4 74. Nb6 Bh1 75. Nc8 Bg2 76. Ne7 Be4 77. Nc6+ Kc4 78. Ne5+ Kd4 79. Ng4 Bf3 80. Nf6 Bg2 81. Ng8 Bf3 82. Nh6 Kc4 83. Nf5 Be4 84. Ne3+ Kd4 85. Nf1 Bg2 86. Nd2 Bd5 87. Nb1 Bf3 88. Na3 Be4 89. Nb5+ Kc4 90. Nc7 Kd4 91. Ne6+ Kc4 92. Kc7 Kd5 93. c6 Kxe6 94. Kb6 Kd6 95. c7 Kd7 96. c8=Q+ Kxc8 1/2-1/2

[Event "*** SCC Grand Prix: Titled Tuesday Blitz"]
[Site "Chess.com"]
[Date "2020.07.07"]
[Round "7"]
[White "BilodeauA"]
[Black "Firouzja2003"]
[Result "0-1"]
[WhiteElo "2847"]
[BlackElo "3103"]
[TimeControl "180+1"]
[EndTime "11:21:58 PDT"]
[Termination "Firouzja2003 won by resignation"]

1. e4 c6 2. Nf3 d5 3. d3 e6 4. Nc3 a6 5. d4 Nf6 6. e5 Nfd7 7. Ne2 c5 8. c3 Nc6 9. Ng3 b5 10. Bd3 Qb6 11. Be3 a5 12. a3 Bb7 13. O-O Be7 14. Nh5 g6 15. Ng3 h5 16. h4 c4 17. Be2 O-O-O 18.
Bg5 Rdf8 19. Bxe7 Nxe7 20. Ng5 Kc7 21. Qd2 Bc6 22. Qf4 Qb8 23. Bd1 Kb7 24. Qd2 Nb6 25.
Bc2 Qd8 26. Qf4 Nf5 27. Bxf5 gxf5 28. Qf3 Rh6 29. Rfe1 Nc8 30. Nxh5 Nb6 31. g3 Nd7 32. Nf4 Qe7 33. Kf1 Rg8 34. Ke2 Nb6 35. Kd2 Na4 36.
Rab1 Nb6 37. Ng2 Ra8 38. Qf4 Rhh8 39. Ke2 b4 40. axb4 axb4 41. Kf1 Ra2 42. Kg1 Na4 43.
Qc1 Kc7 44. Ra1 Rxa1 45. Qxa1 Ra8 46. Qc1 b3 47. Nf4 Nb6 48. Nf3 Kb7 49. Kg2 Qf8 50. h5 Qg7 51. Rh1 Rh8 52. Rh4 Qh6 53. Rh1 Na4 54. Qa1 Rg8 55. Rh4 Rh8 56. Qa3 Qf8 57.
Qa1 Kb6 58. Qc1 Qh6 59. Ng1 Kb7 60. Nge2 Kb6 61. Rh1 Kb7 62. Ng1 Kb6 63. Nf3 Kb7 64.
Qb1 Kb6 65. Rh4 Kb7 66. Nh3 Rg8 67. Nf4 Rh8 68. Qc1 Rh7 69. Qd2 Rh8 70. Qe2 Rg8 71. Ng1 Rg7 72. f3 Qg5 73. Kf1 Qxg3 74. Qg2 Qxh4 75. Qxg7 Qxf4 76. Qxf7+ Kb6 77. Qf8 Qc1+ 78.
Kf2 Qxb2+ 79. Ne2 Nxc3 80. Qb8+ Bb7 81. Qd6+ Bc6 82. Qb8+ Ka6 83. Qc8+ Bb7 84. Qc7 Qxe2+ 85. Kg3 Qe1+ 86. Kf4 Qd2+ 87. Kg3 Qg5+ 88. Kf2 Qh4+ 89. Kf1 Qh1+ 90. Kf2 Qh2+ 91. Kf1 Qe2+ 92. Kg1 b2 93. Qd6+ Kb5 94. Qc5+ Ka6 95. Qa3+ Kb5 96. Qc5+ Ka4 97. Qa7+ Kb3 98. Qxb7+ Kc2 99. h6 0-1

[Event "*** SCC Grand Prix: Titled Tuesday Blitz"]
[Site "Chess.com"]
[Date "2020.07.07"]
[Round "7"]
[White "Iskusnyh"]
[Black "davigator"]
[Result "1-0"]
[WhiteElo "2457"]
[BlackElo "2310"]
[TimeControl "180+1"]
[EndTime "11:21:59 PDT"]
[Termination "Iskusnyh won on time"]

1. d4 Nf6 2. c4 e6 3. g3 Bb4+ 4. Bd2 a5 5. Bg2 O-O 6. e4 d5 7. e5 Ne8 8. cxd5 exd5 9. Nc3 c6 10. Nge2 f6 11. exf6 Nxf6 12. O-O Bg4 13. h3 Bh5 14. g4 Bf7 15. Ng3 Qb6 16. Be3 Nbd7 17. a3 Bd6 18.
Nf5 Bc7 19. Qd2 Rae8 20. Bh6 Bg6 21. Bxg7 Rf7 22. Bh6 Bxf5 23. gxf5 Kh8 24. Kh1 Rg8 25. Rg1 Bb8 26. Bf4 Nh5 27. Bxb8 Rxb8 28. Bf3 Nhf6 29. Rg3 Qc7 30. Rag1 Rg8 31. Rxg8+ Nxg8 32. Qg5 Ndf6 33.
Ne2 Rg7 34. Qf4 Rxg1+ 35. Kxg1 Qb6 36. Qd2 Qc7 37. Nf4 Qg7+ 38. Kh2 Qg5 39. Qe3 Qxf5 40.
Ne6 h6 41. b4 axb4 42. axb4 Ne4 43. Bxe4 Qxe6 44. Bf3 Qd6+ 45. Kg2 Qxb4 46. Qe5+ Kh7 47. Qf5+ Kg7 48. Qe5+ Kh7 49. Bg4 Kg6 50. Qf5+ Kg7 51.
Qe5+ Nf6 52. Bf5 Qf8 53. Qg3+ Kh8 54. Qe5 Qg7+ 55. Kf1 Ng8 56. Qb8 b5 57. Be6 b4 58.
Qxb4 Qf6 59. Qd6 Kg7 60. Qd7+ Ne7 61. Bg4 Kf8 62. Qd8+ Kg7 63. Qc7 Kf8 64. Kg2 Qxd4 65. Qd8+ Kf7 66. Bh5+ Ng6 67. Qd7+ Kf6 68. Qxc6+ Ke7 69.
Qxg6 Qf4 70. Qg7+ Kd6 71. Qg3 Ke5 72. Qxf4+ Kxf4 73. Bg6 Kg5 74. Bh7 Kf4 75. h4 d4 76.
h5 Kg4 77. Bg6 Kf4 78. f3 Ke3 79. Kg3 d3 80. Bxd3 Kxd3 81. Kf4 Kd4 82. Kf5 Ke3 83.
f4 Kf3 84. Ke5 Kg4 85. f5 Kxh5 86. f6 Kg4 87. f7 h5 88. f8=Q h4 89. Qg7+ Kf3 90.
Qh6 Kg3 91. Qg5+ Kh3 92. Kf4 Kh2 93. Kf3 h3 94. Kf2 1-0

[Event "*** SCC Grand Prix: Titled Tuesday Blitz"]
[Site "Chess.com"]
[Date "2020.07.07"]
[Round "7"]
[White "tylityli"]
[Black "SiddharthGMJagadeesh"]
[Result "1/2-1/2"]
[WhiteElo "2199"]
[BlackElo "2435"]
[TimeControl "180+1"]
[EndTime "11:22:06 PDT"]
[Termination "Game drawn by repetition"]

1. d4 Nf6 2. c4 g6 3. Nc3 d5 4. cxd5 Nxd5 5. Bd2 Nb6 6. Bf4 Bg7 7. e3 c5 8. dxc5 Bxc3+ 9. bxc3 Qxd1+ 10. Rxd1 N6d7 11. Nf3 Nxc5 12. Bb5+ Bd7 13. Bxd7+ Nbxd7 14. O-O O-O 15. Ne5 Nxe5 16. Bxe5 Rac8 17. Bd4 Rfd8 18. Rb1 b6 19. Rb5 Ne6 20. Rfb1 Nxd4 21. cxd4 Rc2 22. R5b2 Rdc8 23. Kf1 f6 24. g4 Kf7 25. Kg2 Ke6 26.
Kf3 Rxb2 27. Rxb2 Rc3 28. a4 Ra3 29. Rb4 Ra2 30. h4 Kd5 31. h5 Kc6 32. Kg3 Rc2 33.
hxg6 hxg6 34. f4 a5 35. d5+ Kc7 36. Re4 Kd7 37. Rd4 Rb2 38. Kf3 f5 39. Rc4 Rb4 40.
Rc6 Rxa4 41. Rxb6 Ra1 42. Rxg6 fxg4+ 43. Rxg4 a4 44. Rg6 a3 45. Ra6 a2 46. Ke4 Kc7 47. Ke5 Kb7 48. Ra3 Kb6 49. Ke6 Kc5 50. e4 Re1 51. Rxa2 Rxe4+ 52. Kf5 Re1 53. Rd2 Kd6 54. Kg4 Ra1 55. Kf5 Ra5 56. Kg6 Ra4 57. f5 Rg4+ 58. Kh5 Rg8 59. Kh6 Ke5 60. Re2+ Kf6 61. Re6+ Kf7 62.
Kh5 Rd8 63. Re5 Rd6 64. Kg4 Rd8 65. Kf4 Rh8 66. Kg5 Rg8+ 67. Kf4 Rh8 68. Kg5 Rg8+ 69. Kf4 Rg1 70. Ke4 Re1+ 71. Kf4 Ra1 72. Ke4 Ra4+ 73.
Ke3 Kf6 74. Re6+ Kf7 75. Re5 Ra5 76. Ke4 Ra1 77. Ke3 Re1+ 78. Kf4 Rf1+ 79. Ke4 Kf6 80.
Re6+ Kf7 81. Ke5 Re1+ 82. Kd4 Rf1 83. Ke5 Rd1 84. Ke4 Rd2 85. Ke5 Re2+ 86. Kf4 Rf2+ 87. Ke4 Ra2 88. Ke5 Ra5 89. Ke4 Ra4+ 90. Ke5 Ra1 91. Ke4 Re1+ 92. Kf4 Rf1+ 93. Ke4 Rh1 94. Ke5 Re1+ 95. Kf4 Rd1 96. Ke4 Rd2 97. Ke5 Re2+ 98. Kf4 Rf2+ 99. Ke4 Rh2 100. Ke5 Rh1 101. Ke4 Re1+ 102.
Kf4 1/2-1/2

[Event "*** SCC Grand Prix: Titled Tuesday Blitz"]
[Site "Chess.com"]
[Date "2020.07.07"]
[Round "7"]
[White "ArnieChipmunk"]
[Black "GrafLermontov"]
[Result "1/2-1/2"]
[WhiteElo "2318"]
[BlackElo "2469"]
[TimeControl "180+1"]
[EndTime "11:22:53 PDT"]
[Termination "Game drawn - insufficient material"]

1. e4 c5 2. Nf3 e6 3. d4 cxd4 4. Nxd4 Nc6 5. Nc3 Qc7 6. g3 a6 7.
Bg2 Nf6 8. O-O Be7 9. Be3 O-O 10.
f4 d6 11. g4 Nxd4 12. Bxd4 e5 13. g5 exd4 14. gxf6 Bxf6 15. Nd5 Qd8 16. Qd3 Be6 17. Nxf6+ Qxf6 18. f5 Bd7 19. Rfd1 Rac8 20. Qxd4 Qxd4+ 21. Rxd4 Rxc2 22. Rxd6 Bc6 23. b3 Re8 24. Rd4 h6 25. a4 Re2 26. Rad1 Bxe4 27. Bxe4 R2xe4 28. Rxe4 Rxe4 29. Rd8+ Kh7 30. Rd7 Rb4 31. Rxf7 Kg8 32. Rc7 Rxb3 33. Kg2 b5 34. axb5 axb5 35. Rb7 b4 36. h4 Rb2+ 37.
Kg3 b3 38. Kh3 Rb1 39. Kg2 b2 40. Kh2 Kf8 41. Kg2 Ke8 42. Kh2 Kd8 43. Kg2 Kc8 44.
Rb3 Kd7 45. Rb6 Ke7 46. Kh2 Kd7 47. Kg2 Kc7 48. Rb3 Kd6 49. Kh2 Ke5 50. Rb5+ Kf4 51.
Kg2 Kg4 52. Rb4+ Kxf5 53. Kh2 Ke5 54. Kg2 Kd5 55. Kh2 Kc5 56. Rb7 Kc4 57. Kg2 Kc3 58. Rc7+ Kd4 59. Rd7+ Ke5 60. Rb7 g5 61. hxg5 hxg5 62.
Kh2 Kf5 63. Kg2 Kg4 64. Rb4+ Kh5 65. Rb5 Kh4 66. Kh2 g4 67. Kg2 g3 68. Rb4+ Kg5 69.
Rb3 Kf4 70. Rb4+ Ke5 71. Rb3 Kd4 72. Rb6 Kc3 73. Rc6+ Kb4 74. Rb6+ Ka5 75. Rb8 Ka6 76. Rb3 Ka7 77. Rb4 Ka6 78. Rb3 Ka5 79. Rb8 Ka4 80. Rb7 Ka3 81. Ra7+ Kb3 82. Rb7+ Ka2 83. Ra7+ Kb3 84.
Rb7+ Kc4 85. Rc7+ Kd5 86. Rb7 Ke4 87. Rb8 Kf4 88. Rb4+ Ke3 89. Rb3+ Kd2 90. Rb8 Kc2 91. Rc8+ Kd1 92. Rd8+ Kc1 93. Rc8+ Kd2 94. Rd8+ Ke3 95.
Re8+ Kf4 96. Rf8+ Kg5 97. Rg8+ Kf6 98. Rb8 Ke6 99. Rb6+ Kd5 100. Rb5+ Kc4 101. Rb8 Kc3 102. Rc8+ Kb4 103. Rb8+ Kc5 104. Rc8+ Kd5 105. Rd8+ Ke6 106. Re8+ Kd7 107. Rb8 Re1 108. Rxb2 Re3 109. Rb4 Ke6 110. Rg4 Kf5 111. Rxg3 Re2+ 112. Kh3 Ra2 113. Rg2 Ra3+ 114. Rg3 Ra1 115. Kg2 Kf4 116. Rf3+ Kg4 117. Rf2 Rd1 118. Ra2 Kf4 119. Ra4+ Ke3 120. Ra3+ Rd3 121. Rxd3+ Kxd3 1/2-1/2

[Event "*** SCC Grand Prix: Titled Tuesday Blitz"]
[Site "Chess.com"]
[Date "2020.07.07"]
[Round "8"]
[White "dretch"]
[Black "DarkAlekhine"]
[Result "1-0"]
[WhiteElo "2801"]
[BlackElo "2633"]
[TimeControl "180+1"]
[EndTime "11:30:56 PDT"]
[Termination "dretch won by resignation"]

1. d4 Nf6 2. c4 g6 3. Nc3 Bg7 4. e4 d6 5. Nf3 O-O 6. h3 e5 7. dxe5 dxe5 8. Qxd8 Rxd8 9. Bg5 c6 10. Nxe5 Re8 11. O-O-O Na6 12. Nf3 h6 13. Be3 Nxe4 14. Nxe4 Rxe4 15. Rd8+ Kh7 16. h4 Nc7 17. Ng5+ hxg5 18.
hxg5+ Bh6 19. Rxh6+ Kg7 20. Rdh8 1-0

[Event "*** SCC Grand Prix: Titled Tuesday Blitz"]
[Site "Chess.com"]
[Date "2020.07.07"]
[Round "8"]
[White "monalize"]
[Black "Djager97"]
[Result "0-1"]
[WhiteElo "2265"]
[BlackElo "2394"]
[TimeControl "180+1"]
[EndTime "11:31:26 PDT"]
[Termination "Djager97 won by checkmate"]

1. e4 e5 2. Nf3 Nc6 3. Bb5 a6 4. Bxc6 dxc6 5. O-O Bd6 6. d4 exd4 7. Qxd4 f6 8. Be3 Ne7 9. Nbd2 Ng6 10. Nc4 Be6 11.
Nxd6+ Qxd6 12. Qc3 O-O-O 13. a4 Ne5 14. Nd4 Ng4 15. Nxe6 Qxh2# 0-1

[Event "*** SCC Grand Prix: Titled Tuesday Blitz"]
[Site "Chess.com"]
[Date "2020.07.07"]
[Round "8"]
[White "TurboSteen"]
[Black "JiiHart"]
[Result "1/2-1/2"]
[WhiteElo "1960"]
[BlackElo "2113"]
[TimeControl "180+1"]
[EndTime "11:31:27 PDT"]
[Termination "Game drawn by agreement"]

1. e4 c5 2. Nc3 Nc6 3. Bb5 g6 4. Bxc6 dxc6 5. f4 Bg7 6. Nf3 Bg4 7. d3 Bd4 8. h3 Bxf3 9. Qxf3 Nf6 10. Be3 Qb6 11.
O-O-O O-O-O 12. Bxd4 1/2-1/2

[Event "*** SCC Grand Prix: Titled Tuesday Blitz"]
[Site "Chess.com"]
[Date "2020.07.07"]
[Round "8"]
[White "viktorskliarov"]
[Black "aa175"]
[Result "1-0"]
[WhiteElo "2524"]
[BlackElo "2369"]
[TimeControl "180+1"]
[EndTime "11:31:30 PDT"]
[Termination "viktorskliarov won by resignation"]

1. e4 c5 2. Nf3 d6 3. d4 cxd4 4. Qxd4 Nf6 5. Nc3 a6 6. Be3 Nc6 7. Qd2 e6 8. O-O-O Be7 9. Bf4 Ng4 10. h3 Nge5 11. Nd4 Nxd4 12. Qxd4 Nc6 13. Qxg7 Bf6 14. Qg3 Bxc3 15. Qxc3 Rg8 16. Rxd6 Qh4 17. g3 Qe7 18.
Rxc6 bxc6 19. Qxc6+ 1-0

[Event "*** SCC Grand Prix: Titled Tuesday Blitz"]
[Site "Chess.com"]
[Date "2020.07.07"]
[Round "8"]
[White "shnitez"]
[Black "gui_borba"]
[Result "1-0"]
[WhiteElo "2516"]
[BlackElo "2352"]
[TimeControl "180+1"]
[EndTime "11:31:45 PDT"]
[Termination "shnitez won by resignation"]

1. d4 Nf6 2. c4 e6 3. Nc3 Bb4 4. e3 O-O 5. a3 Bxc3+ 6. bxc3 d6 7. Bd3 b6 8. e4 e5 9. Bg5 h6 10. Bh4 c5 11. Ne2 Nc6 12. O-O Ne7 13. Bxf6 gxf6 14. f4 Ng6 15. f5 Ne7 16. Ng3 exd4 17. Nh5 Nc6 18. Qg4+ 1-0

[Event "*** SCC Grand Prix: Titled Tuesday Blitz"]
[Site "Chess.com"]
[Date "2020.07.07"]
[Round "8"]
[White "GigaQuparadze"]
[Black "VishnuPrasanna"]
[Result "1-0"]
[WhiteElo "2893"]
[BlackElo "2757"]
[TimeControl "180+1"]
[EndTime "11:31:48 PDT"]
[Termination "GigaQuparadze won by resignation"]

1. e4 c5 2. Ne2 d6 3. g3 Nc6 4. Bg2 Nf6 5. c3 e6 6. d4 d5 7. e5 Nd7 8. O-O b6 9. f4 g6 10.
Be3 a5 11. Nd2 Ba6 12. a4 Be7 13. Nf3 Rc8 14. Rf2 f6 15. g4 f5 16. gxf5 gxf5 17. Ng3 cxd4 18. Nxd4 Nxd4 19. Qh5+ Kf8 20. Bxd4 h6 21.
Nxf5 exf5 22. e6 1-0

[Event "*** SCC Grand Prix: Titled Tuesday Blitz"]
[Site "Chess.com"]
[Date "2020.07.07"]
[Round "8"]
[White "dennisodessa"]
[Black "BeanScreen"]
[Result "0-1"]
[WhiteElo "2440"]
[BlackElo "2578"]
[TimeControl "180+1"]
[EndTime "11:31:51 PDT"]
[Termination "BeanScreen won by resignation"]

1. d4 d5 2. c4 dxc4 3. e3 e5 4.
Bxc4 exd4 5. exd4 Bd6 6. Nf3 Nf6 7. O-O O-O 8. Nc3 Nc6 9. Bg5 Bg4 10. Ne4 Be7 11. Nc3 h6 12. Bh4 Bxf3 13. Qxf3 Nxd4 14. Qxb7 Rb8 15. Qxa7 Rb4 16. Bb3 Nxb3 17. axb3 Rxh4 0-1

[Event "*** SCC Grand Prix: Titled Tuesday Blitz"]
[Site "Chess.com"]
[Date "2020.07.07"]
[Round "8"]
[White "SavelievAlexei"]
[Black "googlegoom"]
[Result "0-1"]
[WhiteElo "2391"]
[BlackElo "2524"]
[TimeControl "180+1"]
[EndTime "11:31:55 PDT"]
[Termination "googlegoom won by resignation"]

1. e4 c5 2. Nf3 Nc6 3. d4 cxd4 4.
Nxd4 Qb6 5. Nb3 Nf6 6. Nc3 e6 7. Bd3 d6 8. O-O a6 9. Be3 Qc7 10. f4 b5 11. Qf3 Bb7 12. Rae1 Be7 13. Qg3 g6 14. e5 Nh5 15. Qh3 dxe5 16. fxe5 Nxe5 17.
Bd4 Nxd3 18. cxd3 O-O 19. Ne4 e5 20. Bc3 f5 21. Ng5 Bxg5 0-1

[Event "*** SCC Grand Prix: Titled Tuesday Blitz"]
[Site "Chess.com"]
[Date "2020.07.07"]
[Round "8"]
[White "sergeikim"]
[Black "Th3_Hound"]
[Result "1-0"]
[WhiteElo "2418"]
[BlackElo "2515"]
[TimeControl "180+1"]
[EndTime "11:32:10 PDT"]
[Termination "sergeikim won by resignation"]

1. d4 Nf6 2. c4 g6 3. Nc3 d5 4.
cxd5 Nxd5 5. e4 Nxc3 6. bxc3 Bg7 7. Bc4 c5 8. Ne2 O-O 9. O-O Nc6 10. Be3 Qc7 11.
Rc1 b6 12. Qd2 Bb7 13. Bh6 e6 14. Bxg7 Kxg7 15. f4 Na5 16. Bd3 c4 17. Bb1 f5 18.
d5 Rad8 19. Nd4 Bc8 20. dxe6 fxe4 21. Bxe4 Qd6 22. f5 Qe5 23. Rce1 gxf5 24. Qg5+ Kh8 25. e7 1-0

[Event "*** SCC Grand Prix: Titled Tuesday Blitz"]
[Site "Chess.com"]
[Date "2020.07.07"]
[Round "8"]
[White "Nikithebest"]
[Black "pavlitas17"]
[Result "1-0"]
[WhiteElo "2476"]
[BlackElo "2305"]
[TimeControl "180+1"]
[EndTime "11:32:27 PDT"]
[Termination "Nikithebest won by resignation"]

1. e4 c5 2. Nf3 d6 3. Bb5+ Nc6 4. Bxc6+ bxc6 5. O-O e5 6. Re1 g6 7. c3 Bg7 8. d4 cxd4 9. cxd4 exd4 10. Nxd4 Ne7 11.
Bg5 Qb6 12. Nb3 Qc7 13. Nc3 O-O 14. Qd2 Be6 15. Nd4 Rad8 16. Bxe7 Qxe7 17. Nxc6 Qc7 18. Nxd8 Rxd8 19. Nd5 Qb7 20. Rab1 Rc8 21. b3 Rc5 22. Rbc1 Bxd5 23. Rxc5 dxc5 24. Qxd5 Qb4 25. Rd1 Bf6 26. e5 Be7 27. e6 f5 28. g3 1-0

[Event "*** SCC Grand Prix: Titled Tuesday Blitz"]
[Site "Chess.com"]
[Date "2020.07.07"]
[Round "8"]
[White "deribas12345"]
[Black "JSMastropiero"]
[Result "1-0"]
[WhiteElo "2588"]
[BlackElo "2425"]
[TimeControl "180+1"]
[EndTime "11:32:41 PDT"]
[Termination "deribas12345 won by resignation"]

1. d4 Nf6 2. c4 g6 3. Nc3 d5 4. Bg5 Ne4 5. Bh4 Nxc3 6. bxc3 c5 7. Nf3 Bg7 8. e3 cxd4 9. cxd4 O-O 10. Be2 dxc4 11.
Bxc4 Nc6 12. O-O Bf5 13. h3 Rc8 14. Rc1 Qd7 15. Nd2 Rfe8 16. e4 Bxh3 17. gxh3 Qxh3 18. Bg3 Bxd4 19. Qf3 Bb2 20. Bxf7+ Kh8 21. Bxe8 Rxe8 22.
Be5+ 1-0

[Event "*** SCC Grand Prix: Titled Tuesday Blitz"]
[Site "Chess.com"]
[Date "2020.07.07"]
[Round "8"]
[White "KNCP_719"]
[Black "Falia-p"]
[Result "1-0"]
[WhiteElo "2480"]
[BlackElo "2314"]
[TimeControl "180+1"]
[EndTime "11:32:47 PDT"]
[Termination "KNCP_719 won by resignation"]

1. d4 Nf6 2. Nf3 e6 3. e3 d5 4. Bd3 c5 5. O-O c4 6. Be2 Nc6 7. b3 cxb3 8. axb3 Bd6 9. Bb2 O-O 10. Nbd2 Ne4 11. Nxe4 dxe4 12. Nd2 f5 13. c4 Qc7 14.
h3 Qe7 15. d5 Ne5 16. c5 Bb8 17. d6 Qf6 18. Nc4 Nf3+ 19. Bxf3 Qg5 20. Be2 Bd7 21. Ne5 Bc6 22. Bc4 f4 23. Bxe6+ Kh8 24. Qg4 Qxg4 25. hxg4 1-0

[Event "*** SCC Grand Prix: Titled Tuesday Blitz"]
[Site "Chess.com"]
[Date "2020.07.07"]
[Round "8"]
[White "Kopytkin"]
[Black "swisspower96"]
[Result "0-1"]
[WhiteElo "2459"]
[BlackElo "2618"]
[TimeControl "180+1"]
[EndTime "11:32:51 PDT"]
[Termination "swisspower96 won by resignation"]

1. e4 c5 2. d4 cxd4 3. c3 Nf6 4.
e5 Nd5 5. Nf3 Nc6 6. Bc4 Nb6 7.
Bb3 d6 8. e6 Bxe6 9. Bxe6 fxe6 10. cxd4 g6 11. h4 Bg7 12. h5 Qd7 13. Nc3 O-O-O 14.
Be3 Kb8 15. Qe2 Nd5 16. Nxd5 exd5 17. hxg6 hxg6 18. O-O-O Nb4 19. Kb1 Qf5+ 20. Ka1 Nc2+ 21. Kb1 Nxd4+ 22. Qd3 Qxd3+ 23. Rxd3 Rxh1+ 0-1

[Event "*** SCC Grand Prix: Titled Tuesday Blitz"]
[Site "Chess.com"]
[Date "2020.07.07"]
[Round "8"]
[White "Matols"]
[Black "kakakz"]
[Result "0-1"]
[WhiteElo "2190"]
[BlackElo "2376"]
[TimeControl "180+1"]
[EndTime "11:32:51 PDT"]
[Termination "kakakz won by resignation"]

1. d4 Nf6 2. c4 g6 3. g3 Bg7 4.
Bg2 d6 5. Nf3 O-O 6. O-O c6 7.
Nc3 Nbd7 8. e4 e5 9. h3 Re8 10. Re1 a5 11. Be3 exd4 12. Nxd4 Nc5 13. Qc2 a4 14.
Rad1 Qa5 15. Nde2 Be6 16. Rxd6 Bxc4 17. Nxa4 Qxe1+ 0-1

[Event "*** SCC Grand Prix: Titled Tuesday Blitz"]
[Site "Chess.com"]
[Date "2020.07.07"]
[Round "8"]
[White "dianamirza"]
[Black "rugbyclub"]
[Result "1-0"]
[WhiteElo "1979"]
[BlackElo "2116"]
[TimeControl "180+1"]
[EndTime "11:32:51 PDT"]
[Termination "dianamirza won on time"]

1. d4 Nf6 2. Nf3 e6 3. e3 b6 4. Bd3 Bb7 5. b3 Be7 6. Bb2 O-O 7. Nbd2 d6 8. O-O Nbd7 9. c4 Re8 10. e4 c5 11. d5 e5 12. Nh4 Nxe4 13. Nxe4 Bxh4 14. Nxd6 1-0